AoeStats
← Michi3052

Arabia

508579381Analyzed
1v1 RM · 9d ago on Sep 23, 2026· 51m 41s· 2 players
Game mode
Random Map
Map size
Tiny (2 player)
Population
200
Speed
Normal
Resources
Standard
Victory
Conquest
Starting age
Dark Age
Ending age
Imperial Age
RankedLock teamsTeams togetherTeam positionsShared explorationLock speedFull tech treeHidden civsTurbo modeCheats
Victory
Defeat
🇺🇸 Lithuanians · United States
765
+14
🇪🇸 Turks · Spain
717
-14
Michi3052
8:01 Loom
11:11 Feudal Age
17:55 Double-Bit Axe
24:40 Castle Age
24:05 Horse Collar
26:07 Fletching
26:18 Padded Archer Armor
28:46 Gold Mining
30:51 Wheelbarrow
35:19 Imperial Age
34:45 Bodkin Arrow
37:27 Conscription
37:39 Heavy Plow
37:32 Town Watch
39:57 Hand Cart
40:20 Bracer
41:38 Artillery
43:21 Gold Shaft Mining
42:37 Stone Mining
Foster
5:57 Loom
10:40 Feudal Age
12:35 Wheelbarrow
11:47 Town Watch
14:30 Bloodlines
23:14 Castle Age
24:20 Husbandry
25:30 Gold Mining
30:17 Scale Barding Armor
30:24 Forging
32:52 Hand Cart
34:39 Horse Collar
40:26 Imperial Age
38:29 Stone Mining
41:10 Chain Barding Armor
41:25 Iron Casting
41:48 Conscription
42:21 Cavalier
44:47 Iron Casting
50:06 Plate Barding Armor
Connection lost

Rejoining the realm…

Still unreachable

The connection could not be restored.

Session expired

The server has moved on; the page needs a fresh start.